Map: Blackpink LE

Players

Optimus - Winner!

  • Race: Terran Terran
  • Spawn Location: 1:00

Bistork

  • Race: Protoss Protoss
  • Spawn Location: 7:00

Event: IEM Season 12 - Katowice

VOD

Have the link to the VOD?

Description

Time

  • Played on: Feb. 26, 2018, 10:01 a.m.
  • Length: 7:28

All games in this series

Show
View Real Time Build Order
Export as new Build Order

Optimus Terran - Winner!

Build Orders: Cyclone Opening, Gas First Reaper Expand, Reaper Expand 

Get SALT Encoding   

  12  0:00  SCV  
  13  0:12  SCV  
  14  0:17  Supply Depot  
  14  0:24  SCV  
  15  0:30  Refinery  
  15  0:38  SCV  
  16  0:44  Barracks  
  16  0:50  SCV  
  17  1:03  SCV  
  18  1:15  SCV  
  19  1:31  Reaper, Orbital Command  
  20  1:42  Command Center  
  20  1:53  Factory  
  20  1:57  SCV  
  21  2:08  Barracks Reactor  
  21  2:12  Bunker  
  21  2:13  SCV  
  22  2:18  Supply Depot  
  22  2:28  Refinery  
  22  2:30  Bunker  
  22  2:31  SCV  
  21  2:45  Marine x2  
  21  2:47  Cyclone  
  26  2:53  SCV  
  26  3:03  Marine x2  
  28  3:06  Command Center  
  28  3:08  SCV  
  29  3:15  Supply Depot  
  29  3:23  Marine  
  29  3:24  Marine  
  31  3:33  Factory Tech Lab  
  31  3:37  SCV  
  32  3:47  Starport  
  31  3:49  SCV  
  31  3:52  Marine x2  
  34  4:01  SCV  
  34  4:05  Siege Tank  
  37  4:11  Marine x2  
  39  4:24  Orbital Command  
  39  4:32  Viking  
  40  4:39  Marine x2  
  40  4:44  SCV  
  43  4:52  Bunker  
  45  5:06  Supply Depot  
  43  5:18  Viking  
  43  5:21  Marine  
  46  5:23  Viking, Siege Tank  
  46  5:25  SCV  
  46  5:26  SCV  
  53  5:38  SCV  
  53  5:40  Marine  
  53  5:42  SCV  
  56  5:48  Viking  
  58  5:57  Viking  
  60  6:04  Supply Depot  
  60  6:13  Marine  
  61  6:21  SCV  
  62  6:26  Siege Tank  
  62  6:31  Marine  
  62  6:34  Viking  
  62  6:35  Viking  
  62  6:38  SCV  
  66  6:49  Marine  
  63  6:56  SCV  
  58  7:07  Marine  
  60  7:08  SCV  
Show
View Real Time Build Order
Export as new Build Order

Bistork Protoss 

Build Orders:  

Get SALT Encoding   

  12  0:00  Probe  
  13  0:12  Probe  
  14  0:18  Pylon  
  14  0:25  Probe  
  15  0:37  Gateway  
  15  0:41  Probe  
  16  0:47  Assimilator  
  16  0:53  Probe  
  17  0:59  Pylon  
  17  1:05  Probe  
  19  1:18  Gateway  
  19  1:24  Cybernetics Core  
  18  1:27  Probe  
  19  1:34  Zealot  
  19  1:39  Probe  
  22  1:43  Assimilator  
  22  1:52  Probe  
  23  2:00  Stalker (Chrono Boost)  
  23  2:04  Stalker (Chrono Boost)  
  23  2:07  Warp Gate  
  27  2:10  Probe  
  28  2:22  Probe, Pylon  
  29  2:26  Stalker (Chrono Boost)  
  31  2:39  Pylon  
  31  2:46  Stalker  
  33  3:00  Shield Battery  
  33  3:07  Shield Battery  
  33  3:14  Stargate  
  31  3:22  Stalker  
  33  3:27  Shield Battery  
  33  3:38  Shield Battery, Stalker  
  35  3:47  Shield Battery  
  35  3:50  Shield Battery  
  35  3:53  Shield Battery  
  35  3:54  Void Ray (Chrono Boost)  
  37  4:15  Stalker  
  39  4:36  Shield Battery, Void Ray (Chrono Boost)  
  43  5:01  Fleet Beacon  
  43  5:19  Probe  
  43  5:21  Pylon  
  44  5:24  Shield Battery  
  44  5:41  Tempest (Chrono Boost)  
  50  5:50  Shield Battery x2  
  46  6:01  Pylon  
  46  6:08  Shield Battery  
  46  6:15  Tempest (Chrono Boost)  
  52  6:24  Shield Battery  
  52  6:25  Shield Battery  
  46  6:37  Shield Battery  
  46  6:38  Pylon  
  40  6:48  Stalker  
  38  7:08  Stalker  
  36  7:13  Shield Battery  

Tags
 
Add a new tag
Caveats
  • Supply blocks, unpowered buildings, or Contaminate may cause inaccurate times.
  • Supply counts are checked every 10 seconds.